AoeStats
← jajita

MegaRandom

507851812Analyzed
3v3 RM · 12d ago on Sep 19, 2026· 36m 45s· 6 players
Game mode
Random Map
Map size
Normal (6 player)
Population
200
Speed
Normal
Resources
Standard
Victory
Conquest
Starting age
Dark Age
Ending age
Imperial Age
RankedLock teamsTeams togetherTeam positionsShared explorationLock speedFull tech treeHidden civsTurbo modeCheats
Victory
Defeat
🇨🇴 Malay · Colombia
1239
+14
🇮🇹 Goths · Italy
1191
+16
🇧🇷 Franks · Brazil
1145
+17
🇺🇸 Khmer · United States
1200
-16
🇺🇸 Portuguese · United States
1191
-16
🇺🇸 Mongols · United States
1160
-15
jajita
8:47 Loom
10:48 Feudal Age
11:53 Double-Bit Axe
13:19 Horse Collar
17:41 Castle Age
18:10 Stone Mining
18:33 Bow Saw
18:59 Heavy Plow
22:57 Gold Mining
25:07 Wheelbarrow
24:17 Town Watch
29:35 Imperial Age
33:43 Conscription
34:30 Ballistics
34:20 Masonry
36:07 Chemistry
Timdonesian
11:24 Feudal Age
12:02 Double-Bit Axe
16:07 Horse Collar
20:22 Castle Age
20:44 Fletching
23:59 Wheelbarrow
24:59 Murder Holes
30:29 Forging
36:42 Medium Warships
nakal
5:01 Loom
8:43 Feudal Age
10:05 Double-Bit Axe
18:35 Castle Age
19:13 Bloodlines
20:06 Gold Mining
22:05 Wheelbarrow
25:10 Hand Cart
24:42 Town Watch
25:51 Bow Saw
28:56 Pikeman
31:03 Horse Collar
36:04 Imperial Age
33:37 Heavy Plow
36:00 Forging
Gompachiro
7:04 Loom
11:46 Feudal Age
18:32 Castle Age
17:07 Fishing Lines
17:54 Double-Bit Axe
20:10 Horse Collar
21:38 Bow Saw
22:23 Wheelbarrow
21:40 Gillnets
29:45 Imperial Age
30:36 Gold Mining
I AM MATTEO
3:55 Loom
11:41 Feudal Age
16:06 Castle Age
13:52 Horse Collar
14:09 Double-Bit Axe
24:45 Wheelbarrow
25:07 Forging
25:44 Scale Mail Armor
26:08 Anarchy
30:47 Imperial Age
32:01 Chain Mail Armor
32:58 Gold Mining
33:54 Squires
36:22 Perfusion
galv
12:33 Feudal Age
10:53 Loom
18:05 Castle Age
18:10 Double-Bit Axe
19:08 Bow Saw
21:48 Scale Barding Armor
25:21 Husbandry
25:43 Stone Mining
26:11 Fishing Lines
27:15 Gold Mining
29:13 Wheelbarrow
29:09 Town Watch
30:07 Gold Shaft Mining
29:18 Pikeman
32:55 Forging
33:50 Chain Barding Armor
35:00 Iron Casting
35:04 Hand Cart
34:52 Fletching
35:14 Squires
35:16 Scale Mail Armor
35:52 Arson
Connection lost

Rejoining the realm…

Still unreachable

The connection could not be restored.

Session expired

The server has moved on; the page needs a fresh start.